 Dungeon Crawl Stone Soup version 0.32-a0-411-g744942f433 (webtiles) character file.

Game seed: 65807628379418244

105 shadowstone the Sneak (level 4, 0/31 (33) HPs)
             Began as a Coglin Brigand on Feb 20, 2024.
             Was an Initiate of Gozag.
             Slain by Crazy Yiuf
             ... wielding a +3 quarterstaff of chaos
              (3 damage)
             ... on level 2 of the Dungeon.
             The game lasted 00:07:41 (1651 turns).

shadowstone the Sneak (Coglin Brigand)              Turns: 1651, Time: 00:07:44

HP:   0/31 (33)     AC:  3    Str: 14    XL:     4   Next: 81%
MP:   4/4           EV: 12    Int: 15    God:    Gozag
Gold: 330           SH:  0    Dex: 17    Spells: 3/3 levels left

rFire   . . .        o - +1 mace "Pale" {freeze, rC+ Str+3 Int-2 Stlth+}
rCold   + . .        l - +2 short sword (venom) {Jaspreet}
rNeg    . . .        b - +0 robe
rPois   .            (no helmet)
rElec   .            c - +0 cloak
rCorr   .            (no gloves)
SInv    .            (no boots)
Will    .....        (no amulet)
Stlth   ++++         f - +6 ring of intelligence
HPRegen 0.25/turn    (no ring)
MPRegen 0.09/turn

%: no passive effects
@: mighty, weak-willed, drained
A: off-hand wielding, slow wielding, warmup strikes, legs shutdown
a: Renounce Religion, Potion Petition, Call Merchant, Bribe Branch


You were on level 2 of the Dungeon.
You worshipped Gozag.
Gozag was aware of your devotion.
You visited 1 branch of the dungeon, and saw 2 of its levels.

You collected 330 gold pieces.

Inventory:

Hand Weapons
 a - a +2 dagger {Kasem}
 l - a +2 short sword of venom (offhand) {Jaspreet}
 n - a +0 dagger of electrocution
 o - the +1 mace "Pale" (weapon) {freeze, rC+ Str+3 Int-2 Stlth+}
   (You took it off a goblin on level 2 of the Dungeon)

   Str+3:     It affects your strength (+3).
   Int-2:     It affects your intelligence (-2).
   rC+:       It protects you from cold.
   Stlth+:    It makes you more stealthy.
Missiles
 d - 8 poisoned darts
 e - 3 curare-tipped darts
 h - 2 boomerangs (quivered)
Armour
 b - a +0 robe (worn)
 c - a +0 cloak (worn)
Jewellery
 f - a +6 ring of intelligence (left grasper)
Wands
 m - a wand of polymorph (8)
Scrolls
 i - a scroll of vulnerability {unknown}
 k - a scroll of summoning {unknown}
 q - a scroll of teleportation {unknown}
Potions
 g - a potion of curing {unknown}
 j - a potion of haste {unknown}
 p - a potion of attraction {unknown}


   Skills:
 + Level 2.2 Fighting
 + Level 2.3 Short Blades
 + Level 3.0 Throwing
 + Level 1.4 Dodging
 + Level 4.0 Stealth


You had 3 spell levels left.
You didn't know any spells.
Your spell library contained the following spells:

 Spells                   Type           Power      Damage    Failure   Level
 Magic Dart               Conj           0%         1d3       26%         1
 Blink                    Tloc           0%         N/A       38%         2
 Call Imp                 Summ           0%         N/A       38%         2


Dungeon Overview and Level Annotations

Branches:
Dungeon (2/15)

Altars:
Gozag

Annotations:
D:2 Crazy Yiuf


Innate Abilities, Weirdness & Mutations

You can wield a second weapon in your off-hand.
It takes a long time for you to wield or remove held weapons.
Your first few attacks do less damage.
Attacking and casting redirects power from your legs.


Message History

You continue parting from your +2 dagger {Kasem}. x4
You whisper farewell to Kasem.
You finish parting from your +2 dagger {Kasem}.
You start attuning to your weapon.
You continue attuning to the +1 mace "Pale" {freeze, rC+ Str+3 Int-2 Stlth+}. x5
You finish attuning to the +1 mace "Pale" {freeze, rC+ Str+3 Int-2 Stlth+}.
You feel stronger.
You feel stupid.
The +1 mace "Pale" {freeze, rC+ Str+3 Int-2 Stlth+} glows with a cold blue light!
You welcome the +1 mace "Pale" into your grasp.
You see here a +0 club.
Found a coppery potion.
Found a stone staircase leading down.
Found a dagger.
Found an escape hatch in the floor.
You see here a +0 dagger.
p - a coppery potion
There is a stone staircase leading down here.
q - a scroll labelled ORUENO TORUIPN
There is a stone staircase leading down here.
Found a stone staircase leading down.
There is a stone staircase leading down here.
You now have 330 gold pieces (gained 14).
Found a hammer.
Found a runed translucent door.
Crazy Yiuf shouts!
Crazy Yiuf grits, "Ghoul stair rumpyflump!"
You open the door. You throw a boomerang.
The boomerang hits Crazy Yiuf but does no damage.
Crazy Yiuf hits you with a +3 quarterstaff of chaos!
You feel very mighty all of a sudden.
You throw a boomerang. The boomerang barely misses Crazy Yiuf.
Crazy Yiuf says, "Whiteboard!"
Crazy Yiuf hits you with a +3 quarterstaff of chaos!
Your willpower is stripped away!
Crazy Yiuf hits you with a +3 quarterstaff of chaos!
* * * LOW HITPOINT WARNING * * *
You feel drained.
You die...
Your body crumbles into a pile of gold.

#####
#..)#
#...#
...
#g#
♣♣@♣
♣.♣♣
♣♣.♣
♣.♣♣
♣♣.♣♣
♣...♣♣
♣....♣
#....#
##..##


You could see Crazy Yiuf.

Vanquished Creatures
  Robin (D:2)
  An adder (D:2)
  2 giant cockroaches (D:1)
  5 hobgoblins
  3 jackals (D:2)
  2 quokkas
  5 ball pythons (D:1)
  5 bats
  A frilled lizard (D:2)
  15 goblins
  5 kobolds
  3 rats (D:1)
48 creatures vanquished.

Notes
Turn   | Place    | Note
-------+----------+-------------------------------------------
     0 | D:1      | shadowstone the Coglin Brigand began the quest for the Orb.
     0 | D:1      | Reached XP level 1. HP: 16/16 MP: 1/1
    90 | D:1      | Found a faded altar of an unknown god.
   120 | D:1      | Prayed at the altar of an unknown god.
   120 | D:1      | Became a worshipper of Gozag Ym Sagoz the Greedy
   171 | D:1      | Reached XP level 2. HP: 20/22 MP: 2/2
   546 | D:1      | Reached XP level 3. HP: 27/27 MP: 3/3
  1099 | D:2      | Reached skill level 1 in Dodging
  1104 | D:2      | Noticed Robin
  1121 | D:2      | Reached skill level 4 in Stealth
  1133 | D:2      | Reached XP level 4. HP: 17/33 MP: 4/4
  1173 | D:2      | Killed Robin
  1179 | D:2      | Identified the +1 mace "Pale" {freeze, rC+ Str+3 Int-2
                  | Stlth+}
  1645 | D:2      | Found a runed translucent door.
  1646 | D:2      | Noticed Crazy Yiuf
  1651 | D:2      | Slain by Crazy Yiuf

Illustrated notes

Levels and vault maps discovered:
D:1:      dpeg_arrival_short_road, layout_basic, serial_rivers,
          chequers_serial_rivers_micro_b, chequers_serial_rivers_micro_d,
          chequers_serial_rivers_room_b, chequers_serial_rivers_small_a,
          ebering_ecumenical_altar_abandoned, serial_park_tiny_1,
          minmay_misc_feat_nine_boxes
D:2:      layout_loops_ring, serial_shops, shop, uniq_robin,
          uniq_crazy_yiuf_cottage

Skill      XL: |  1  2  3  4 |
---------------+-------------+-----
Throwing       | 2 3 |  3.0
Dodging        | 1 |  1.4
Stealth        | 4 |  4.0
Short Blades   | 2 |  2.3
Fighting       | |  2.2

Action                     |  1- 3 |  4- 6 || total
---------------------------+-------+-------++-------
  Melee: Dagger            |    30 |     6 ||    36
         Short sword       |    13 |     6 ||    19
  Throw: Dart              |    21 |       ||    21
         Boomerang         |    38 |    41 ||    79
   Stab: Distracted        |       |     1 ||     1
 Armour: Robe              |    44 |    20 ||    64
  Dodge: Dodged            |    42 |    19 ||    61

Table legend: (Time is in decaauts)
 A = Elapsed time spent in this place.
 B = Non-inter-level travel time spent in this place.
 C = Inter-level travel time spent in this place.
 D = Time resting spent in this place.
 E = Time spent auto-exploring this place.
 F = Levels seen in this place.
 G = Mean time per level.
                   A        B        C        D        E       F      G
               +--------+--------+--------+--------+--------+-----+--------+
         Total |   1666 |   1653 |     13 |    250 |    537 |   2 |  833.0 |
       Dungeon |   1666 |   1653 |     13 |    250 |    537 |   2 |  833.0 |
               +--------+--------+--------+--------+--------+-----+--------+

Top non-repeatable levels by time:
     D:1: 1075 daAuts
     D:2: 591 daAuts
